Map: Ever Dream LE

Players

liquidthermy (uThermal) - Winner!

  • Race: Terran Terran
  • Spawn Location: 1:00

Kelazhur

  • Race: Terran Terran
  • Spawn Location: 7:00

Event: StayAtHomestory Cup #2

VOD

Have the link to the VOD?

Description

Time

  • Played on: June 11, 2020, 3:14 p.m.
  • Length: 5:57

All games in this series

Show
View Real Time Build Order
Export as new Build Order

liquidthermy Terran - Winner!

Build Orders: Gas First Reaper Expand, Liberator Opening 

Get SALT Encoding   

  12  0:01  SCV  
  13  0:13  SCV  
  14  0:17  Supply Depot  
  14  0:25  SCV  
  14  0:27  Refinery  
  15  0:38  SCV  
  16  0:44  Barracks  
  16  0:50  SCV  
  17  1:03  SCV  
  18  1:15  SCV  
  19  1:31  Reaper, Orbital Command  
  20  1:41  Command Center  
  20  1:52  Factory  
  20  1:56  SCV  
  21  2:06  Barracks Reactor  
  21  2:09  SCV  
  21  2:11  Supply Depot  
  22  2:21  SCV  
  22  2:22  Refinery  
  23  2:33  SCV  
  24  2:43  Starport  
  24  2:45  SCV, Hellion x2  
  29  2:51  Barracks Tech Lab  
  29  2:54  Orbital Command  
  30  3:06  Hellion x2  
  30  3:10  Marauder  
  35  3:19  Medivac  
  37  3:23  Concussive Shells  
  37  3:27  Supply Depot  
  37  3:28  Hellion  
  37  3:31  Hellion  
  37  3:33  Marauder  
  43  3:35  SCV  
  43  3:36  SCV  
  45  3:44  Supply Depot  
  45  3:48  SCV x2  
  46  3:51  Hellion  
  46  3:54  Hellion  
  51  3:59  Liberator  
  54  4:05  SCV x2  
  56  4:11  Supply Depot  
  56  4:17  SCV  
  56  4:21  SCV  
  54  4:29  SCV  
  52  4:33  SCV  
  52  4:35  Cyclone, Marine  
  51  4:41  SCV  
  51  4:45  SCV  
  49  4:50  Starport Tech Lab  
  45  4:54  SCV  
  45  4:56  Command Center  
  45  4:57  SCV  
  45  5:02  Bunker, Marine x2  
  45  5:06  SCV  
  48  5:08  Cyclone  
  48  5:09  SCV  
  48  5:12  Refinery  
  48  5:13  Raven  
  48  5:14  Refinery  
  54  5:18  SCV  
  54  5:20  Marine x2  
  57  5:21  SCV  
  57  5:23  Supply Depot  
  58  5:30  SCV  
  58  5:33  SCV  
  60  5:38  Marine x2  
  60  5:42  SCV  
  66  5:47  Supply Depot  
Show
View Real Time Build Order
Export as new Build Order

Kelazhur Terran 

Build Orders: Cyclone Opening 

Get SALT Encoding   

  12  0:00  SCV  
  13  0:12  SCV  
  14  0:17  Supply Depot  
  14  0:25  SCV  
  14  0:28  Refinery  
  15  0:38  SCV  
  16  0:44  Barracks  
  16  0:50  SCV  
  16  0:54  Refinery  
  17  1:02  SCV  
  18  1:15  SCV  
  19  1:30  Orbital Command  
  19  1:32  Factory  
  19  1:34  Reaper  
  20  1:43  Supply Depot  
  20  1:56  SCV  
  21  2:06  Barracks Tech Lab  
  21  2:08  SCV  
  22  2:20  SCV  
  23  2:23  Command Center  
  23  2:29  Cyclone  
  26  2:32  SCV  
  27  2:40  Starport  
  27  2:45  SCV  
  27  2:50  Supply Depot  
  28  2:58  Barracks Tech Lab  
  28  3:01  Cyclone  
  31  3:12  SCV  
  32  3:24  SCV, Banshee  
  32  3:25  Refinery  
  36  3:34  Orbital Command  
  36  3:35  Cyclone  
  36  3:36  SCV  
  40  3:46  Barracks Reactor  
  40  3:48  SCV  
  41  4:00  SCV  
  41  4:06  SCV  
  42  4:12  SCV  
  43  4:17  Raven  
  43  4:21  SCV  
  43  4:24  Marine x2  
  43  4:25  Cyclone  
  48  4:32  SCV  
  48  4:33  SCV  
  42  4:44  SCV  
  38  4:46  SCV, Marine x2  
  37  4:56  SCV  
  37  4:58  SCV  
  39  5:01  Cyclone  
  42  5:08  SCV  
  42  5:10  SCV  
  44  5:20  SCV  
  44  5:24  Command Center  
  44  5:25  SCV  
  45  5:32  SCV  
  46  5:37  SCV  
  50  5:44  SCV  
Tags
 
Add a new tag
Caveats
  • Supply blocks, unpowered buildings, or Contaminate may cause inaccurate times.
  • Supply counts are checked every 10 seconds.